PIO (24 & UNDER)
JASPER COUGARS @ COLORADO COMMANDERS
06/10/2030
 
TOP OF THE 1ST
Jasper Cougars batting - Pitching for Colorado Commanders : RHP Hal Sutcliffe
Pitching: RHP Hal Sutcliffe
Batting: RHB Júlio González 0-0: Called Strike
0-1: Foul Ball, location: 2F
0-2: Ground out 5-3 (Groundball, 5)
Batting: RHB Félix Sandoval 0-0: Ball
1-0: Foul Ball, location: 2F
1-1: Single, Error in OF, E7, batter to second base
Batting: LHB Iván Soriano 0-0: Called Strike
0-1: Ball
1-1: Foul Ball, location: 2F
1-2: Ball
2-2: Strikes out swinging
Batting: LHB John Miller 0-0: Called Strike
0-1: DOUBLE (Line Drive, 7LM)
Félix Sandoval scores
Batting: RHB Ben Wilson 0-0: Ball
1-0: Ball
2-0: Foul Ball, location: 2F
2-1: Ball
3-1: Base on Balls
Batting: SHB Jerry Young 0-0: Fly out, F3 (Line Drive, 3S)
Top of the 1st over - 1 run, 2 hits, 1 error, 2 left on base; Jasper 1 - Colorado 0
BOTTOM OF THE 1ST
Colorado Commanders batting - Pitching for Jasper Cougars : RHP Randy Rivera
Pitching: RHP Randy Rivera
Batting: LHB Abraham Horton 0-0: Called Strike
0-1: Ball
1-1: Swinging Strike
1-2: Ground out 4-3 (Groundball, 4)
Batting: RHB Lawrence Ware 0-0: Called Strike
0-1: Ball
1-1: Ball
2-1: SINGLE (Flyball, 89S)
Batting: LHB Francisco Ríos 0-0: Ball
1-0: Foul Ball, location: 2F
1-1: Ball
2-1: Foul Ball, location: 2F
2-2: SINGLE (Line Drive, 8RS)
Lawrence Ware to second
Batting: RHB Henry Cahill 0-0: Ball
1-0: Called Strike
1-1: Called Strike
1-2: Foul Ball, location: 2F
1-2: Foul Ball, location: 2F
1-2: SINGLE (Groundball, 4M) (infield hit)
Lawrence Ware to third
Francisco Ríos to second
Batting: SHB Miguel Price 0-0: SINGLE (Line Drive, 6D)
Lawrence Ware scores
Francisco Ríos to third
Henry Cahill to second
Runner from 3rd tries for Home, SAFE, no throw
Batting: RHB Joe Roberts 0-0: Foul Ball, location: 2F
0-1: Ball
1-1: Called Strike
1-2: Ball
2-2: Strikes out swinging
Batting: RHB Júlio Ramos 0-0: Ball
1-0: Called Strike
1-1: Foul Ball, location: 2F
1-2: Ball
2-2: Ball
3-2: Foul Ball, location: 2F
3-2: Foul Ball, location: 2F
3-2: Foul Ball, location: 2F
3-2: Strikes out swinging
Bottom of the 1st over - 2 runs, 4 hits, 0 errors, 2 left on base; Jasper 1 - Colorado 2
TOP OF THE 2ND
Jasper Cougars batting - Pitching for Colorado Commanders : RHP Hal Sutcliffe
Batting: RHB Brent Allen 0-0: Called Strike
0-1: Called Strike
0-2: Ball
1-2: Ball
2-2: Fly out, F8 (Flyball, 89D)
Batting: LHB Leon Malone 0-0: Ball
1-0: Ball
2-0: Foul Ball, location: 2F
2-1: Ball
3-1: Base on Balls
Batting: RHB Lance Fullerton 0-0: Ball
1-0: Called Strike
1-1: Called Strike
Leon Malone steals 2nd base
1-2: Foul Ball, location: 2F
1-2: Hit by Pitch
Batting: RHB Júlio González 0-0: Fly out, F9 (Line Drive, 89M)
Batting: RHB Félix Sandoval 0-0: Called Strike
0-1: Ball
1-1: Foul Ball, location: 2F
1-2: Ball
2-2: Strikes out swinging
Top of the 2nd over - 0 runs, 0 hits, 0 errors, 2 left on base; Jasper 1 - Colorado 2
BOTTOM OF THE 2ND
Colorado Commanders batting - Pitching for Jasper Cougars : RHP Randy Rivera
Batting: RHB Carlos Jiménez 0-0: Ball
1-0: Foul Ball, location: 2F
1-1: Foul Ball, location: 2F
1-2: Strikes out swinging
Batting: RHB Sergio Gómez 0-0: Called Strike
0-1: Swinging Strike
0-2: Foul Ball, location: 2F
0-2: Ball
1-2: SINGLE (Line Drive, 7LM)
Batting: LHB Abraham Horton 0-0: Ball
1-0: Foul Ball, location: 2F
1-1: Called Strike
1-2: Foul Ball, location: 2F
1-2: Ball
2-2: Ball
3-2: Strikes out swinging
Batting: RHB Lawrence Ware 0-0: Ball
1-0: SINGLE (Groundball, 56D)
Sergio Gómez to second
Batting: LHB Francisco Ríos 0-0: Ball
1-0: Ball
2-0: Ball
3-0: Base on Balls
Sergio Gómez to third
Lawrence Ware to second
Batting: RHB Henry Cahill 0-0: Called Strike
0-1: Fly out, F8 (Flyball, 8LD)
Bottom of the 2nd over - 0 runs, 2 hits, 0 errors, 3 left on base; Jasper 1 - Colorado 2
TOP OF THE 3RD
Jasper Cougars batting - Pitching for Colorado Commanders : RHP Hal Sutcliffe
Batting: LHB Iván Soriano 0-0: Ball
1-0: Called Strike
1-1: Called Strike
1-2: SINGLE (Groundball, 6D)
Batting: LHB John Miller 0-0: Called Strike
0-1: Fly out, F7 (Flyball, 7S)
Batting: RHB Ben Wilson 0-0: Called Strike
0-1: Foul Ball, location: 2F
0-2: Ball
1-2: Strikes out swinging
Batting: SHB Jerry Young 0-0: Called Strike
0-1: Ball
1-1: Ball
2-1: Foul Ball, location: 2F
2-2: Strikes out swinging
Top of the 3rd over - 0 runs, 1 hit, 0 errors, 1 left on base; Jasper 1 - Colorado 2
BOTTOM OF THE 3RD
Colorado Commanders batting - Pitching for Jasper Cougars : RHP Randy Rivera
Batting: SHB Miguel Price 0-0: Ball
1-0: Ball
2-0: Ball
3-0: Base on Balls
Batting: RHB Joe Roberts 0-0: Ball
1-0: Ball
2-0: Foul Ball, location: 2F
2-1: Ball
3-1: Called Strike
Miguel Price steals 2nd base
3-2: Base on Balls
Batting: RHB Júlio Ramos 0-0: Ball
1-0: Foul Ball, location: 2F
1-1: Hit by Pitch
Miguel Price to third
Joe Roberts to second
Batting: RHB Carlos Jiménez 0-0: Ball
1-0: Swinging Strike
1-1: Ground out 3-1 (Groundball, 34S)
Miguel Price scores
Joe Roberts to third
Júlio Ramos to second
Batting: RHB Sergio Gómez 0-0: Ball
1-0: Called Strike
1-1: Foul Ball, location: 2F
1-2: Foul Ball, location: 2F
1-2: Foul Ball, location: 2F
1-2: SINGLE (Line Drive, 3)
Joe Roberts scores
Júlio Ramos to third
Batting: LHB Abraham Horton 0-0: Foul Ball, location: 2F
0-1: Swinging Strike
0-2: Foul Ball, location: 2F
0-2: Ball
1-2: Ball
2-2: Ball
3-2: Base on Balls
Sergio Gómez to second
Batting: RHB Lawrence Ware 0-0: Called Strike
0-1: Ground out 4-3 (Groundball, 4S)
Júlio Ramos scores
Sergio Gómez to third
Abraham Horton to second
Batting: LHB Francisco Ríos 0-0: Ball
1-0: Ball
2-0: Ball
3-0: Called Strike
3-1: Called Strike
3-2: SINGLE (Flyball, 9LS)
Sergio Gómez scores
Abraham Horton to third
Abraham Horton scores
Batting: RHB Henry Cahill 0-0: Ball
1-0: Foul Ball, location: 2F
1-1: Foul Ball, location: 2F
1-2: Strikes out looking
Bottom of the 3rd over - 5 runs, 2 hits, 0 errors, 1 left on base; Jasper 1 - Colorado 7
TOP OF THE 4TH
Jasper Cougars batting - Pitching for Colorado Commanders : RHP Hal Sutcliffe
Batting: RHB Brent Allen 0-0: Fly out, F9 (Flyball, 9D)
Batting: LHB Leon Malone 0-0: Ball
1-0: Ball
2-0: SINGLE (Flyball, 9S)
Batting: RHB Lance Fullerton 0-0: Ball
Leon Malone steals 2nd base
1-0: Ball
2-0: Called Strike
2-1: TRIPLE (Flyball, 89XD)
Leon Malone scores
Batting: RHB Júlio González 0-0: Ball
Wild Pitch!
Lance Fullerton scores
1-0: Ball
2-0: Fly out, F7 (Flyball, 78S)
Batting: RHB Félix Sandoval 0-0: Swinging Strike
0-1: Ball
1-1: Swinging Strike
1-2: Strikes out swinging
Top of the 4th over - 2 runs, 2 hits, 0 errors, 0 left on base; Jasper 3 - Colorado 7
BOTTOM OF THE 4TH
Colorado Commanders batting - Pitching for Jasper Cougars : RHP Randy Rivera
Pitching: RHP Mario Pagán
Batting: SHB Miguel Price 0-0: Ball
1-0: Ball
2-0: Ball
3-0: Base on Balls
Batting: RHB Joe Roberts 0-0: Called Strike
0-1: Foul Ball, location: 2F
0-2: Ball
1-2: Strikes out swinging
Batting: RHB Júlio Ramos 0-0: Ball
Throwing error on steal attempt, E2
Miguel Price to third
1-0: Swinging Strike
1-1: Swinging Strike
1-2: Foul Ball, location: 2F
1-2: Fly out, F9 (Flyball, 89M)
Runner from 3rd tags up, SCORES, throw made
Batting: RHB Carlos Jiménez 0-0: Ball
1-0: Swinging Strike
1-1: Foul Ball, location: 2F
1-2: Ball
2-2: Strikes out swinging
Bottom of the 4th over - 1 run, 0 hits, 1 error, 0 left on base; Jasper 3 - Colorado 8
TOP OF THE 5TH
Jasper Cougars batting - Pitching for Colorado Commanders : RHP Hal Sutcliffe
Batting: LHB Iván Soriano 0-0: Fly out, F9 (Line Drive, 9S)
Batting: LHB John Miller 0-0: Called Strike
0-1: Ball
1-1: Ball
2-1: Called Strike
2-2: Ball
3-2: Foul Ball, location: 2F
3-2: Foul Ball, location: 2F
3-2: Strikes out swinging
Batting: RHB Ben Wilson 0-0: Hit by Pitch
Batting: SHB Jerry Young 0-0: Called Strike
0-1: Hit by Pitch
Ben Wilson to second
Batting: RHB Brent Allen 0-0: Foul Ball, location: 2F
0-1: Ball
1-1: Fly out, F8 (Flyball, 8LS)
Top of the 5th over - 0 runs, 0 hits, 0 errors, 2 left on base; Jasper 3 - Colorado 8
BOTTOM OF THE 5TH
Colorado Commanders batting - Pitching for Jasper Cougars : RHP Mario Pagán
Batting: RHB Sergio Gómez 0-0: Swinging Strike
0-1: Foul Ball, location: 2F
0-2: Foul Ball, location: 2F
0-2: Ball
1-2: Foul Ball, location: 2F
1-2: Ball
2-2: Reached on error, E6 (Groundball, 6)
Batting: LHB Abraham Horton 0-0: Called Strike
0-1: Ball
1-1: Ball
2-1: Ground out U3 (Groundball, 3)
Sergio Gómez to second
Batting: RHB Lawrence Ware 0-0: Swinging Strike
0-1: Foul Ball, location: 2F
0-2: Ball
1-2: Ground out 4-3 (Groundball, 4)
Sergio Gómez to third
Batting: LHB Francisco Ríos 0-0: Ball
1-0: Called Strike
1-1: Foul Ball, location: 2F
1-2: Ball
2-2: Strikes out swinging
Bottom of the 5th over - 0 runs, 0 hits, 1 error, 1 left on base; Jasper 3 - Colorado 8
TOP OF THE 6TH
Jasper Cougars batting - Pitching for Colorado Commanders : RHP Hal Sutcliffe
Batting: LHB Leon Malone 0-0: Called Strike
0-1: Ball
1-1: Ball
2-1: DOUBLE (Groundball, 5L)
Batting: RHB Lance Fullerton 0-0: Ball
1-0: Ball
2-0: SINGLE (Groundball, 56D)
Leon Malone to third
Batting: RHB Júlio González 0-0: Foul Ball, location: 2F
0-1: Ball
1-1: Foul Ball, location: 2F
1-2: Ball
2-2: Ball
3-2: Fly out, F7 (Flyball, 7LSF)
Runner from 3rd tags up, SCORES, no throw
Pitching: RHP Jules Pizzonia
Batting: RHB Félix Sandoval 0-0: Called Strike
0-1: Called Strike
0-2: Ball
1-2: Foul Ball, location: 2F
1-2: Ball
2-2: Strikes out swinging
Batting: LHB Iván Soriano 0-0: Ball
1-0: Called Strike
1-1: Swinging Strike
1-2: Strikes out swinging
Top of the 6th over - 1 run, 2 hits, 0 errors, 1 left on base; Jasper 4 - Colorado 8
BOTTOM OF THE 6TH
Colorado Commanders batting - Pitching for Jasper Cougars : RHP Mario Pagán
Batting: RHB Henry Cahill 0-0: Ball
1-0: Called Strike
1-1: Called Strike
1-2: Strikes out swinging
Batting: SHB Miguel Price 0-0: SOLO HOME RUN (Flyball, 7D), Distance : 367 ft
Batting: RHB Joe Roberts 0-0: DOUBLE (Line Drive, 8LD)
Batting: RHB Júlio Ramos 0-0: Ball
1-0: SINGLE (Line Drive, 89M)
Joe Roberts to third
Throwing error, E8
Joe Roberts scores
Júlio Ramos to second
Pitching: LHP Alberto Guerra
Batting: RHB Carlos Jiménez 0-0: Ball
1-0: Called Strike
1-1: Foul Ball, location: 2F
1-2: Ball
2-2: Strikes out looking
Batting: RHB Sergio Gómez 0-0: Called Strike
0-1: Ball
1-1: Foul Ball, location: 2F
1-2: Ball
2-2: Foul Ball, location: 2F
2-2: Ground out 6-3 (Groundball, 6)
Bottom of the 6th over - 2 runs, 3 hits, 1 error, 1 left on base; Jasper 4 - Colorado 10
TOP OF THE 7TH
Jasper Cougars batting - Pitching for Colorado Commanders : RHP Jules Pizzonia
Batting: LHB John Miller 0-0: Ball
1-0: Ground out 4-3 (Groundball, 4)
Batting: RHB Ben Wilson 0-0: Foul Ball, location: 2F
0-1: Ball
1-1: Ball
2-1: Fly out, F6 (Popup, 6S)
Batting: SHB Jerry Young 0-0: Called Strike
0-1: Ball
1-1: Swinging Strike
1-2: Ground out 6-3 (Groundball, 6)
Top of the 7th over - 0 runs, 0 hits, 0 errors, 0 left on base; Jasper 4 - Colorado 10
BOTTOM OF THE 7TH
Colorado Commanders batting - Pitching for Jasper Cougars : LHP Alberto Guerra
Batting: LHB Abraham Horton 0-0: Ball
1-0: Ball
2-0: Ball
3-0: Called Strike
3-1: Base on Balls
Batting: RHB Lawrence Ware 0-0: Called Strike
0-1: Ball
1-1: SINGLE (Flyball, 8LS)
Abraham Horton to second
Batting: LHB Francisco Ríos 0-0: Ball
1-0: Ball
2-0: Called Strike
2-1: Ball
3-1: SINGLE (Line Drive, 6M)
Abraham Horton to third
Lawrence Ware to second
Runner from 3rd tries for Home, throw and OUT!
Batting: RHB Henry Cahill 0-0: Foul Ball, location: 2F
0-1: Ball
1-1: Ball
2-1: Swinging Strike
2-2: Ball
3-2: DOUBLE (Line Drive, 3D)
Lawrence Ware scores
Francisco Ríos to third
Batting: SHB Miguel Price 0-0: Foul Ball, location: 2F
0-1: SINGLE (Groundball, 25) (infield hit)
Francisco Ríos scores
Henry Cahill to third
Batting: RHB Joe Roberts 0-0: Called Strike
0-1: Foul Ball, location: 2F
0-2: Fly out, F8 (Flyball, 8LD)
Runner from 3rd tags up, OUT at HOME
Bottom of the 7th over - 2 runs, 4 hits, 0 errors, 1 left on base; Jasper 4 - Colorado 12
TOP OF THE 8TH
Jasper Cougars batting - Pitching for Colorado Commanders : RHP Jules Pizzonia
Batting: RHB Brent Allen 0-0: Ball
1-0: Ball
2-0: Ball
3-0: Called Strike
3-1: Base on Balls
Batting: LHB Leon Malone 0-0: Called Strike
0-1: Called Strike
0-2: Ball
1-2: Ball
2-2: Foul Ball, location: 2F
2-2: Foul Ball, location: 2F
2-2: SINGLE (Groundball, 34D)
Brent Allen to second
Runner from 2nd tries for 3rd, SAFE, no throw
Batting: RHB Lance Fullerton 0-0: Called Strike
0-1: Ball
Wild Pitch!
Brent Allen scores
Leon Malone to second
1-1: Fly out, F7 (Flyball, 78S)
Batting: RHB Júlio González 0-0: Foul Ball, location: 2F
0-1: Swinging Strike
0-2: Foul Ball, location: 2F
0-2: Strikes out looking
Batting: RHB Félix Sandoval 0-0: Ball
1-0: Foul Ball, location: 2F
1-1: Foul Ball, location: 2F
1-2: Strikes out swinging
Top of the 8th over - 1 run, 1 hit, 0 errors, 1 left on base; Jasper 5 - Colorado 12
BOTTOM OF THE 8TH
Colorado Commanders batting - Pitching for Jasper Cougars : LHP Alberto Guerra
Batting: RHB Júlio Ramos 0-0: Called Strike
0-1: Called Strike
0-2: SINGLE (Line Drive, 7LM)
Batting: RHB Carlos Jiménez 0-0: Ball
1-0: SINGLE (Flyball, 78S)
Júlio Ramos to second
Batting: RHB Sergio Gómez 0-0: Called Strike
0-1: Foul Ball, location: 2F
0-2: Ball
1-2: Strikes out looking
Batting: LHB Abraham Horton 0-0: Ball
1-0: Ball
2-0: Swinging Strike
2-1: Ball
3-1: Fielders Choice at 2nd, 4-6 (Groundball, 4)
Júlio Ramos to third
Batting: RHB Lawrence Ware 0-0: Called Strike
Abraham Horton is caught stealing 2nd base
Bottom of the 8th over - 0 runs, 2 hits, 0 errors, 1 left on base; Jasper 5 - Colorado 12
TOP OF THE 9TH
Jasper Cougars batting - Pitching for Colorado Commanders : RHP Jules Pizzonia
Batting: LHB Iván Soriano 0-0: Ball
1-0: Called Strike
1-1: Ball
2-1: Foul Ball, location: 2F
2-2: Foul Ball, location: 2F
2-2: Ground out 5-3 (Groundball, 5)
Batting: LHB John Miller 0-0: Called Strike
0-1: SOLO HOME RUN (Flyball, 9D), Distance : 389 ft
Batting: RHB Ben Wilson 0-0: Ball
1-0: Called Strike
1-1: Ball
2-1: Foul Ball, location: 2F
2-2: Foul Ball, location: 2F
2-2: Strikes out swinging
Batting: SHB Jerry Young 0-0: Ball
1-0: Foul Ball, location: 2F
1-1: Ball
2-1: Ball
3-1: Called Strike
3-2: Strikes out swinging
Top of the 9th over - 1 run, 1 hit, 0 errors, 0 left on base; Jasper 6 - Colorado 12
Saturday, April 7th, 2018 - OOTP Baseball 18.8 Build 76